cohdb
Replays
Latest Replays
All Replays
Popular Replays
Top Player Replays
Match Explorer
How It Works
Community
CoH3 Stats
Reddit
Sign in to upload your games and track your stats! →
Sign in with Steam
Match 46971413
Unlisted
Match 46971413
Overview
Messages
Build Orders
End
Selects Italian Combined Arms Battlegroup
Selects Bersaglieri Squad
Bersaglieri Squad
Kradschützen Motorcycle Team
Bersaglieri Squad
Construct Light Support Kompanie
Bersaglieri Squad
Fire Support Elements
Flakvierling Half-track
Selects Bersaglieri Bolster
2.5-tonne Medical Truck
Pak 38 Mechanized Group
Selects Breda Model 30 Light Machine Guns
全体欣赏音乐
YourMom'sPiesSoHotRightNow
FooKilla
PutPut-AutistInPerfection
0
0
Comments
sign in to comment!
No comments posted yet!